 Dungeon Sprint DCSS version 0.19.1 (webtiles) character file.

33 Groucho the Protected (level 6, -9/52 HPs)
             Began as a Minotaur Fighter on Dec 21, 2016.
             Mangled by a tarantella (15 damage)
             ... in the Dungeon (Sprint VI: "Thunderdome").
             The game lasted 00:02:41 (467 turns).

Groucho the Protected (Minotaur Fighter)             Turns: 467, Time: 00:02:42

Health: -9/52      AC:  9    Str: 27    XL:     6   Next: 46%
Magic:  5/5        EV:  8    Int:  5    God:
Gold:   55         SH:  0    Dex:  7    Spells: 0 memorised, 5 levels left

rFire  + . .     SeeInvis .     a - +0 war axe
rCold  . . .     Gourm    .     b - +0 scale mail
rNeg   . . .     Faith    .     c - +0 shield
rPois  .         Spirit   .     (helmet restricted)
rElec  .         Reflect  .     (no cloak)
rCorr  .         Harm     .     (no gloves)
MR     +....     NoTele   +     (no boots)
Stlth  ..........               (no amulet)
                                (no ring)
                                p - ring "Simn" {+Fly rF+ MR+ Str+4 Dex-2}

@: confused
A: retaliatory headbutt, horns 2
a: Evoke Flight


You were in the Dungeon.
You were not hungry.

You visited 1 branch You collected 250 gold pieces.
You spent 195 gold pieces at shops.

Inventory:

Hand Weapons
 a - a +0 war axe (weapon)
Armour
 b - a +0 scale mail (worn)
 c - a +0 shield (worn)
Jewellery
 p - the ring "Simn" (left hand) {+Fly rF+ MR+ Str+4 Dex-2}
   (You bought it in a shop in the Dungeon)

   [ring of protection from fire]

   It affects your strength (+4).
   It affects your dexterity (-2).
   It protects you from fire.
   It affects your resistance to hostile enchantments.
   It lets you fly.
Wands
 l - a wand of acid (5/15)
 m - a wand of iceblast (5/15)
Scrolls
 k - 4 scrolls of blinking
 n - 3 scrolls of fog
 q - 2 scrolls of identify
Potions
 d - a potion of might
 g - 5 potions of heal wounds
 h - 3 potions of haste
 i - 2 potions of magic
 j - a potion of berserk rage
 o - a potion of resistance
Comestibles
 f - a bread ration


   Skills:
 + Level 3.9 Fighting
 * Level 11.7 Axes
 + Level 12.0 Armour
 + Level 3.7 Shields


You had 5 spell levels left.
You didn't know any spells.

Dungeon Overview and Level Annotations

Branches:
Dungeon (1/1)

Altars:
Cheibriados
Dithmenos
Fedhas
Gozag
Kikubaaqudgha
Makhleb
Okawaru
Qazlal
Ru
Sif Muna
Trog
Uskayaw
Vehumet
Xom
Yredelemnul
Zin
The Shining One
Beogh
Jiyva
Lugonu

Shops:
D *[%??*?*:[((!!!!


Innate Abilities, Weirdness & Mutations

You reflexively headbutt those who attack you in melee.
You have a pair of horns on your head.


Message History

The tarantella is moderately wounded.
The tarantella bites you but does no damage.
The tarantella bites you.
* * * LOW HITPOINT WARNING * * *
You are more confused.
Unknown command.
You slash the tarantella!
The tarantella is heavily wounded.
The tarantella barely misses you.
Unknown command.
You miss the tarantella.
The tarantella is heavily wounded.
The tarantella bites you.
* * * LOW HITPOINT WARNING * * *
The tarantella bites you!
* * * LOW HITPOINT WARNING * * *
Unknown command.
The tarantella completely misses you. The tarantella bites you!
You die...

##.............###..........
#⌠........[.###...###.......
#⌠..........# #.<.# #.......
#⌠..........###...###.......
##.............###..........
###∩........8.# #.8........
##∩÷__......###......_._∩
######.8s........8.#####
#⌠@..........⌠#
###.........### #_......._#
#_......._# #........_#
#∩.......∩# ##∩.....∩##
##.....## ##⌠⌠⌠##


You could see a tarantella.

Vanquished Creatures
  Sigmund (D)
  A sky beast (D)
  A scorpion (D)
  Jessica (D)
  Terence (D)
  3 adders (D)
  A worm (D)
  A giant cockroach (D)
  A kobold (D)
11 creatures vanquished.

Notes
Turn   | Place    | Note
-------+----------+-------------------------------------------
     0 | D        | Groucho the Minotaur Fighter began the quest for the Orb.
     0 | D        | Reached XP level 1. HP: 19/19 MP: 0/0
     1 | D        | Found an opulent altar of Gozag.
     1 | D        | Found a shimmering altar of Xom.
     2 | D        | Found an ancient bone altar of Kikubaaqudgha.
     3 | D        | Found a roughly hewn altar of Beogh.
     3 | D        | Found a blossoming altar of Fedhas.
     4 | D        | Found a glowing silver altar of Zin.
     4 | D        | Found a snail-covered altar of Cheibriados.
     4 | D        | Found Kovvillo's Staff Store.
     4 | D        | Found Enoob's Magic Scroll Shop.
     5 | D        | Found a bloodstained altar of Trog.
     5 | D        | Found Doiph's Must-Have Magic.
     5 | D        | Found Ammeth's Magic Scroll Shop.
     5 | D        | Round 1.
    21 | D        | Found a viscous altar of Jiyva.
    35 | D        | Found a stormy altar of Qazlal.
    35 | D        | Found a sacrificial altar of Ru.
    35 | D        | Found Xuwkaufa's Bee Food.
    35 | D        | Found Qolobar's Jewellery.
    36 | D        | Found Comaril's Advanced Armour.
    41 | D        | Found Siekk's Identification Station.
    41 | D        | Found an iron altar of Okawaru.
    41 | D        | Found a shadowy altar of Dithmenos.
    42 | D        | Bought a crude golden ring for 45 gold pieces
    50 | D        | Bought 3 scrolls of identify for 150 gold pieces
    50 | D        | Identified the ring "Simn" {+Fly rF+ MR+ Str+4 Dex-2} (You bought it in a shop in the Dungeon)
    60 | D        | Reached skill level 5 in Armour
    60 | D        | Reached XP level 2. HP: 17/27 MP: 1/1
   161 | D        | Found a burning altar of Makhleb.
   177 | D        | Found a glowing golden altar of the Shining One.
   177 | D        | Found Plog's Premium Goods.
   177 | D        | Found Plog's Miscellaneous Merchandise.
   178 | D        | Found Teulilal's Basic Armour.
   178 | D        | Arena points: 5 (+5) [x1]
   185 | D        | Found Cakhlafim's Weapon Rack.
   185 | D        | Found a corrupted altar of Lugonu.
   185 | D        | Found a basalt altar of Yredelemnul.
   185 | D        | Found a deep blue altar of Sif Muna.
   193 | D        | Round 2.
   196 | D        | Found a radiant altar of Vehumet.
   198 | D        | Found a hide-covered altar of Uskayaw.
   198 | D        | Found Qarch's Do-It-Yourself Clinic.
   198 | D        | Found Oruvion's Bottled Wisdom.
   199 | D        | Found Xiwehyob's Distillery.
   204 | D        | Found Neehiaci's Distillery.
   228 | D        | Reached skill level 5 in Axes
   228 | D        | Reached skill level 6 in Armour
   228 | D        | Reached XP level 3. HP: 32/33 MP: 2/2
   267 | D        | Noticed a sky beast
   268 | D        | Noticed Jessica
   273 | D        | Killed Jessica
   273 | D        | Reached skill level 7 in Armour
   285 | D        | Killed a sky beast
   285 | D        | Reached skill level 9 in Armour
   285 | D        | Reached XP level 4. HP: 25/40 MP: 3/3
   285 | D        | Reached XP level 5. HP: 29/46 MP: 4/4
   304 | D        | Noticed Terence
   313 | D        | Killed Terence
   323 | D        | Noticed Sigmund
   333 | D        | Killed Sigmund
   333 | D        | Reached skill level 11 in Armour
   333 | D        | Reached XP level 6. HP: 39/52 MP: 5/5
   344 | D        | Arena points: 33 (+28) [x2]
   395 | D        | Round 3.
   414 | D        | Reached skill level 12 in Armour
   457 | D        | Noticed a tarantella
   467 | D        | Mangled by a tarantella

Skill      XL: |  1  2  3  4  5  6 |
---------------+-------------------+-----
Axes           | 3 5 8 11 | 11.7
Armour         | 5 6 9 11 12 | 12.0
Fighting       | |  3.9
Shields        | |  3.7

Action                   |  1- 3 |  4- 6 || total
-------------------------+-------+-------++-------
Melee: War axe           |    30 |    23 ||    53
       Headbutt          |     3 |     5 ||     8
  Use: Scroll            |     1 |       ||     1
       Potion            |       |     2 ||     2
Armor: Scale mail        |    22 |     4 ||    26
Dodge: Dodged            |     9 |     5 ||    14
Block: Shield            |    12 |     6 ||    18
